 Dungeon Crawl Stone Soup version 0.22-a0-3-g4fa69d9a97 (webtiles) character file.

0 Manul the Ducker (level 1, -6/11 HPs)
             Began as a Spriggan Abyssal Knight on Jan 1, 2018.
             Was a Follower of Lugonu.
             Killed from afar by a raiju (17 damage)
             ... with a living lightning
             ... on level 1 of the Abyss.
             The game lasted 00:01:14 (334 turns).

Manul the Ducker (Spriggan Abyssal Knight)           Turns: 334, Time: 00:01:15

Health: -6/11      AC:  2    Str:  8    XL:     1   Next: 0%
Magic:  3/3        EV: 18    Int: 15    God:    Lugonu [*.....]
Gold:   56         SH:  0    Dex: 15    Spells: 0/0 levels left

rFire    . . .     SeeInvis +   e - +0 dagger (speed)
rCold    . . .     Gourm    .   (shield restricted)
rNeg     . . .     Faith    .   b - +0 robe
rPois    .         Spirit   .   (helmet restricted)
rElec    .         Reflect  .   (no cloak)
rCorr    .         Harm     .   (gloves unavailable)
MR       .....     Rnd*Tele +   (boots unavailable)
Stlth    +.........             (no amulet)
HPRegen  0.03/turn              (no ring)
MPRegen  0.08/turn              (no ring)

@: very quick
A: very small, unfitting armour, see invisible, clever 1, herbivore, speed 3,
slow metabolism 2, teleportitis 1
a: Depart the Abyss, Renounce Religion


You were on level 1 of the Abyss.
You worshipped Lugonu.
Lugonu was aware of your devotion.
You were not hungry.

You visited 0 branches of the dungeon, and saw 0 of its levels.
You visited the Abyss 1 time.

You collected 56 gold pieces.

Inventory:

Hand Weapons
 a - a +1 short sword
 e - a +0 dagger of speed (weapon)
Armour
 b - a +0 robe (worn)
Scrolls
 d - a scroll of identify {unknown}
Comestibles
 c - a ration


   Skills:
 + Level 2.4 Fighting
 + Level 2.1 Short Blades
 + Level 3.5 Dodging
 + Level 1.7 Invocations


You couldn't memorise any spells.
You didn't know any spells.

Dungeon Overview and Level Annotations

Branches:
Dungeon (0/15)

Altars:


Innate Abilities, Weirdness & Mutations

You are very small and have problems with some larger weapons.
You are too small for most types of armour.
You have supernaturally acute eyesight. (SInv)
You are a herbivore.
You cover ground extremely quickly.
You need consume almost no food.
Your mind is acute. (Int +2)
You are occasionally teleported next to monsters.


Message History

e - a +0 dagger of speed (weapon)
A starcursed mass comes into view.
A tentacled starspawn comes into view.
A tentacle flies out from the starspawn's body!
A starspawn tentacle comes into view.
An ice devil comes into view.
A small abomination comes into view.
Found a mace.
The small abomination is too close now for your liking.
A chaos spawn comes into view.
The chaos spawn moves out of view.
Found 15 gold pieces.
The chaos spawn trumpets!
You see here 15 gold pieces.
You now have 56 gold pieces (gained 15).
The raiju barks!
The raiju bursts into living lightning!
The living lightning hits you!
Ouch! That really hurt!
You die...

#§ ## .. ..# ##.
. ##..#.. ...##.
#......#
#.....##....#.#.
.#.......#.#....
......#.#.....#
#..@#...#
#..#.....# ....
#..###..#
.......#..###.#
#...#.###.....
## #.#....##.# #
# ..#4.§.# #
###...h#.###..
#.....§#..#. .


You could see a raiju and a chaos spawn.

Vanquished Creatures (others)
  2 starspawn tentacles (Abyss:1)
2 creatures vanquished.

Notes
Turn   | Place    | Note
-------+----------+-------------------------------------------
     0 | Abyss:1  | Manul the Spriggan Abyssal Knight began the quest for the Orb.
     0 | Abyss:1  | Reached XP level 1. HP: 11/11 MP: 3/3
    64 | Abyss:1  | Noticed a bone dragon
    82 | Abyss:1  | Noticed a human
   115 | Abyss:1  | Noticed a neqoxec
   122 | Abyss:1  | Gained mutation: You are occasionally teleported next to monsters. [a neqoxec]
   123 | Abyss:1  | Gained mutation: Your mind is acute. (Int +2) [a neqoxec]
   177 | Abyss:1  | Noticed a quasit
   186 | Abyss:1  | Noticed a shadow wraith
   191 | Abyss:1  | Noticed a large abomination
   210 | Abyss:1  | Noticed a death knight
   232 | Abyss:1  | Noticed a large abomination
   248 | Abyss:1  | Noticed a starcursed mass
   261 | Abyss:1  | Noticed a tentacled starspawn
   292 | Abyss:1  | Noticed an ice devil
   300 | Abyss:1  | Noticed a small abomination
   322 | Abyss:1  | Noticed a chaos spawn
   332 | Abyss:1  | Noticed a raiju
   334 | Abyss:1  | Killed from afar by a raiju

Vault maps used:

Table legend:
 A = Spawn XP
 B = Non-spawn XP
 C = Spawn XP percentage of total XP
 D = Spawn monster count
 E = Non-spawn monster count
 F = Spawn count percentage of total count
 G = Total turns spent on level
                    A         B        C        D         E        F      G
               +---------+---------+-------+---------+---------+-------+---------
         Total |       0 |       0 |   N/A |       0 |       0 |   N/A |   334
               +---------+---------+-------+---------+---------+-------+---------
               +---------+---------+-------+---------+---------+-------+---------
